Description

123

Build Order

Get SALT Encoding   

    0:00  SCV  
    0:12  SCV  
    0:16  Supply Depot  
    0:24  SCV  
    0:38  SCV  
    0:39  Barracks  
    0:43  Refinery  
    0:50  SCV  
    1:02  SCV  
    1:14  SCV  
    1:26  Reaper  
    1:38  Command Center  
    1:48  Supply Depot  
    1:51  SCV  
    1:58  Marine  
    2:03  SCV  
    2:11  Factory  
    2:15  SCV  
    2:21  Reactor  
    2:28  SCV  
    2:36  Command Center  
    2:40  SCV  
    2:50  Orbital Command  
    2:52  SCV  
    2:57  Barracks  
    3:05  SCV, Hellion  
    3:08  Tech Lab  
    3:11  Hellion  
    3:15  SCV x2  
    3:22  Refinery  
    3:27  Marine  
    3:28  Stimpack  
    3:30  SCV  
    3:38  Bunker  
    3:39  SCV x2  
    3:45  Marine  
    3:49  Starport  
    3:50  Orbital Command  
    3:53  Marine x2, SCV  
    3:55  SCV  
    3:58  Reactor  
    4:03  Marine  
    4:05  SCV x2  
    4:11  Marine  
    4:13  Supply Depot  
    4:15  SCV x3  
    4:21  Marine  
    4:27  SCV  
    4:29  Marine x2, SCV  
    4:37  Supply Depot  
Spawning Tool Build Advisor. Get it on Overwolf

Go to:

Details

  • Created by: lucahecker
  • Published on: Mar 15, 2022
  • Modified on: Mar 15, 2022
  • Patch: 4.11.0
  • Difficulty: Medium
Show
View Real Time Build Order
Export as new Build Order

Comments (0)

There are no comments. Be the first!

Create an account to comment!